 Dungeon Crawl Stone Soup version 0.30-a0-305-g026cb31310 (webtiles) character file.

Game seed: 11135298285263112461

65 MrRokkomies the Cudgeller (level 3, 32/32 HPs)
             Began as an Armataur Gladiator on Oct 23, 2022.
             Was a Follower of Vehumet.
             Quit the game on level 2 of the Dungeon.
             The game lasted 00:04:00 (994 turns).

MrRokkomies the Cudgeller (Armataur Gladiator)       Turns: 994, Time: 00:04:01

Health: 32/32      AC: 10    Str: 19    XL:     3   Next: 92%
Magic:  3/3        EV:  8    Int:  8    God:    Vehumet [*.....]
Gold:   126        SH:  0    Dex: 13    Spells: 1/2 levels left

rFire   . . .      SeeInvis .    a - +2 long sword (freeze)
rCold   . . .      Faith    .    (no shield)
rNeg    . . .      Spirit   .    b - +0 leather armour
rPois   .          Reflect  .    c - +0 helmet
rElec   .          Harm     .    (no cloak)
rCorr   .          Roll     +    (no gloves)
Will    .....                    i - +0 barding
Stlth   +.........               (no amulet)
HPRegen 0.25/turn                (no ring)
MPRegen 0.08/turn                (no ring)

@: no status effects
A: large, rugged brown scales 3, deformed body, armoured tail, roll, long
tongue, awkward tongue
a: Renounce Religion


You were on level 2 of the Dungeon.
You worshipped Vehumet.
Vehumet was aware of your devotion.
You visited 1 branch of the dungeon, and saw 2 of its levels.

You collected 126 gold pieces.

Inventory:

Hand Weapons
 a - a +2 long sword of freezing (weapon)
 l - a +0 flail
Missiles
 d - 3 throwing nets (quivered)
 e - 5 javelins
Armour
 b - a +0 leather armour (worn)
 c - a +0 helmet (worn)
 i - a +0 barding (worn)
Scrolls
 g - a scroll of brand weapon {unknown}
 m - a scroll of immolation {unknown}
 n - a scroll of amnesia {unknown}
 o - a scroll of silence {unknown}
 q - a scroll of vulnerability {unknown}
 r - a scroll of identify {unknown}
Potions
 f - a potion of cancellation {unknown}
 h - a potion of haste {unknown}
 j - a potion of berserk rage {unknown}
 k - 2 potions of degeneration {unknown}
 p - a potion of attraction {unknown}


   Skills:
 * Level 2.7 Fighting
 - Level 1.1 Long Blades
 - Level 3.0 Maces & Flails
 - Level 1.7 Throwing
 - Level 1.4 Armour
 + Level 2.4 Dodging
 + Level 0.0 Spellcasting
 * Level 0.0 Ice Magic


You had one spell level left.
You knew the following spells:

 Your Spells              Type           Power      Damage    Failure   Level
a - Freeze                Ice            0%         1d3       45%         1

Your spell library contained the following spells:

 Spells                   Type           Power      Damage    Failure   Level
 Apportation              Tloc           0%         N/A       45%         1


Dungeon Overview and Level Annotations

Branches:
Dungeon (2/15)

Altars:
Vehumet


Innate Abilities, Weirdness & Mutations

You are completely covered in rugged brown scales. (AC +3, +7% HP)
Armour fits poorly on your strangely shaped body.
You have a long armoured tail.
You roll when moving toward enemies. (Rampage)
Your long tongue fully drains potion bottles. (2x potion effects)
Your tongue gives you trouble enunciating. (1.5x scroll delay)


Message History

Press: ? - help, Shift-Dir - straight line, f - ball python
Aim: a ball python You miscast Freeze.
You are very lightly contaminated with residual magic.
Nothing appears to happen.
The ball python bites you but does no damage.
Casting: Freeze (safe; 45% risk of failure)
Confirm with . or Enter, or press ? or * to list all spells.
Aiming: Freeze (safe; 45% risk of failure)
Press: ? - help, Shift-Dir - straight line, f/p - ball python
Aim: a ball python You miscast Freeze.
Nothing appears to happen.
The ball python bites you but does no damage.
Casting: Freeze (safe; 45% risk of failure)
Confirm with . or Enter, or press ? or * to list all spells.
Aiming: Freeze (safe; 45% risk of failure)
Press: ? - help, Shift-Dir - straight line, f/p - ball python
Aim: a ball python You miscast Freeze.
Nothing appears to happen.
The ball python barely misses you.
Casting: Freeze (safe; 45% risk of failure)
Confirm with . or Enter, or press ? or * to list all spells.
Okay, then.
Unknown command.
You closely miss the ball python.
The ball python bites you but does no damage.
The ball python completely misses you.
You slash the ball python! You freeze the ball python.
You kill the ball python!
Vehumet accepts your kill.
You feel your power returning.
No target in view!
No target in view!
No target in view!
Your magical contamination has completely faded away.
Magic restored.
You see here an adder corpse.
A bat comes into view.
Unknown command.
Are you sure you want to abandon this character and quit the game? (Confirm with "yes".)

...## #........ .### #......÷. .#
######........ .# #...##........
.# ##.#........... .#
####....##........ .#
#######......###........ ..
...b....^##...##........ ##
##@...#...##.<.....
#..##.#...#.#####. #....#.#P.#.#
#. #..##.#P#.#.# ##.
###########.^.#.#.#...####..
#...........^_#.#.#.........
######.#######.#...#.#.#.#.#####.
........######†#..##P#.#.#.# #.
#####..#....<#...^P.#.#..#.#####.


You could see a bat.

Vanquished Creatures
  Jessica (D:2)
  An adder (D:2)
  A worm (D:2)
  3 ball pythons
  An endoplasm (D:2)
  A giant cockroach (D:1)
  3 goblins
  2 hobgoblins (D:1)
  2 quokkas (D:1)
  4 bats
  3 frilled lizards
  2 kobolds
  3 rats
27 creatures vanquished.

Notes
Turn   | Place    | Note
-------+----------+-------------------------------------------
     0 | D:1      | MrRokkomies the Armataur Gladiator began the quest for the
                  | Orb.
     0 | D:1      | Reached XP level 1. HP: 18/18 MP: 1/1
   201 | D:1      | Reached XP level 2. HP: 23/25 MP: 2/2
   279 | D:1      | You fall into a shaft and drop 1 floor!
   330 | D:1      | Reached skill level 3 in Maces & Flails
   729 | D:2      | Noticed Jessica
   733 | D:2      | Killed Jessica
   734 | D:2      | Reached skill level 1 in Long Blades
   734 | D:2      | Reached skill level 1 in Armour
   734 | D:2      | Reached XP level 3. HP: 32/32 MP: 3/3
   881 | D:2      | Found a faded altar of an unknown god.
   900 | D:2      | Got Plato's Atlas of the Compass
   901 | D:2      | Prayed at the altar of an unknown god.
   901 | D:2      | Became a worshipper of Vehumet
   901 | D:2      | Reached * piety under Vehumet
   901 | D:2      | Offered knowledge of Freeze by Vehumet.
   904 | D:2      | Learned a level 1 spell: Freeze
   994 | D:2      | Quit the game

Illustrated notes

Levels and vault maps discovered:
D:1:      minmay_arrival_wavy_path, layout_rooms
D:2:      layout_loops_ring, shapermc_ecumenical_altar_rom_forum,
          kennysheep_generic_room_15, uniq_jessica

Skill      XL: |  1  2 |
---------------+-------+-----
Fighting       | 2 |  2.7
Maces & Flails | 3 |  3.0
Long Blades    | 1 |  1.1
Armour         | 1 |  1.4
Throwing       | |  1.7
Dodging        | |  2.4

Action                   || total
-------------------------++-------
Melee: Flail             ||    24
       Tailslap          ||     5
       Long sword        ||    33
Armor: Leather armour    ||    24
Dodge: Dodged            ||    23

Table legend: (Time is in decaauts)
 A = Elapsed time spent in this place.
 B = Non-inter-level travel time spent in this place.
 C = Inter-level travel time spent in this place.
 D = Time resting spent in this place.
 E = Time spent auto-exploring this place.
 F = Levels seen in this place.
 G = Mean time per level.
                   A        B        C        D        E       F      G
               +--------+--------+--------+--------+--------+-----+--------+
         Total |   1012 |    994 |     18 |     11 |    762 |   2 |  506.0 |
       Dungeon |   1012 |    994 |     18 |     11 |    762 |   2 |  506.0 |
               +--------+--------+--------+--------+--------+-----+--------+

Top non-repeatable levels by time:
     D:2: 507 daAuts
     D:1: 504 daAuts
